 Dungeon Crawl Stone Soup version 0.29-a0-23-ga79f92ac9c (webtiles) character file.

Game seed: 15649362254658292064

15169 Gargoyl the Fighter (level 12, -8/97 HPs)
             Began as a Gnoll Abyssal Knight on Jan 30, 2022.
             Was an Elder of Lugonu.
             Killed from afar by a lindwurm (24 damage)
             ... with a blast of flame
             ... on level 3 of the Lair of Beasts.
             The game lasted 00:21:15 (16655 turns).

Gargoyl the Fighter (Gnoll Abyssal Knight)         Turns: 16655, Time: 00:21:16

Health: -8/97      AC: 21    Str: 16    XL:     12   Next: 24%
Magic:  22/22      EV: 16    Int:  8    God:    Lugonu [****..]
Gold:   716        SH: 13    Dex: 15    Spells: 25/25 levels left

rFire   . . .      SeeInvis .   n - +1 hand axe (freeze)
rCold   . . .      Faith    .   h - +2 buckler
rNeg    + . .      Spirit   .   C - +6 scale mail "Utucrum" {rElec rN+ Int-3}
rPois   +          Reflect  +   v - +1 helmet
rElec   +          Harm     .   w - +0 cloak
rCorr   .          Rampage  .   F - +1 pair of gloves "Ogufiuc" {Dex+2}
Will    .....                   y - +0 pair of boots
Stlth   ++........              H - amulet of reflection
HPRegen 0.26/turn               c - ring of poison resistance
MPRegen 0.18/turn               e - +4 ring of evasion

@: no status effects
A: fangs 1, strong nose, distributed training
a: Renounce Religion, Depart the Abyss, Bend Space, Banish, Corrupt


You were on level 3 of the Lair of Beasts.
You worshipped Lugonu.
Lugonu was greatly pleased with you.
You visited 2 branches of the dungeon, and saw 12 of its levels.
You visited the Abyss 1 time.

You collected 891 gold pieces.
You spent 175 gold pieces at shops.

Inventory:

Hand Weapons
 a - a +3 hand axe of flaming
 n - a +1 hand axe of freezing (weapon)
 q - a +0 broad axe
 D - a +2 vorpal war axe
Missiles
 g - 12 poisoned darts (quivered)
 s - a throwing net
Armour
 h - a +2 buckler (worn)
 v - a +1 helmet (worn)
 w - a +0 cloak (worn)
 y - a +0 pair of boots (worn)
 C - the +6 scale mail "Utucrum" (worn) {rElec rN+ Int-3}
   (You found it on level 9 of the Dungeon)

   Int:       It affects your intelligence (-3).
   rElec:     It insulates you from electricity.
   rN:        It protects you from negative energy.
 F - the +1 pair of gloves "Ogufiuc" (worn) {Dex+2}
   (You acquired it on level 9 of the Dungeon)

   Dex:       It affects your dexterity (+2).
Jewellery
 c - a ring of poison resistance (left hand)
 e - a +4 ring of evasion (right hand)
 x - a ring of willpower
 B - a ring of protection from cold
 G - a ring of ice
 H - an amulet of reflection (around neck)
Wands
 b - a wand of mindburst (7)
 d - a wand of acid (5)
 f - a wand of flame (12)
 r - a wand of digging (5)
 A - a wand of polymorph (6)
 E - a wand of iceblast (8)
Scrolls
 j - 2 scrolls of blinking
 k - 5 scrolls of identify
 m - 5 scrolls of teleportation
 u - 2 scrolls of fear
 z - a scroll of fog
Potions
 i - 2 potions of lignification
 l - 3 potions of cancellation
 p - 2 potions of flight
 t - 2 potions of haste


   Skills:
 + Level 9.7 Fighting
 + Level 7.1 Short Blades
 + Level 7.1 Long Blades
 + Level 8.5 Axes
 + Level 7.1 Maces & Flails
 + Level 7.1 Polearms
 + Level 7.1 Staves
 + Level 7.1 Slings
 + Level 7.1 Bows
 + Level 7.1 Crossbows
 + Level 7.1 Throwing
 + Level 8.5 Armour
 + Level 7.6 Dodging
 + Level 7.1 Stealth
 + Level 7.1 Shields
 + Level 7.1 Unarmed Combat
 + Level 7.1 Spellcasting
 + Level 5.9 Conjurations
 + Level 5.9 Hexes
 + Level 5.9 Summonings
 + Level 5.9 Necromancy
 + Level 5.9 Translocations
 + Level 5.9 Transmutations
 + Level 5.9 Fire Magic
 + Level 5.9 Ice Magic
 + Level 5.9 Air Magic
 + Level 5.9 Earth Magic
 + Level 5.9 Poison Magic
 + Level 9.1 Invocations
 + Level 7.1 Evocations


You had 25 spell levels left.
You didn't know any spells.
Your spell library contained the following spells:

 Spells                   Type           Power      Damage    Failure   Level
 Animate Skeleton         Necr           24%        N/A       7%          1
 Pain                     Necr           48%        1d6       7%          1
 Sandblast                Erth           24%        2d8       7%          1
 Corpse Rot               Necr/Air       24%        N/A       11%         2
 Passwall                 Tmut/Erth      10%        N/A       11%         2
 Conjure Flame            Conj/Fire      12%        6-21      22%         3
 Dazzling Flash           Conj/Hex       24%        N/A       22%         3
 Ignite Poison            Fire/Tmut/Pois 12%        N/A       22%         3
 Ozocubu's Armour         Ice            12%        N/A       22%         3
 Stone Arrow              Conj/Erth      24%        3d8       22%         3
 Vampiric Draining        Necr           12%        2d6       22%         3
 Animate Armour           Summ/Erth      24%        N/A       56%         4
 Dispel Undead            Necr           12%        3d9       56%         4
 Petrify                  Tmut/Erth      12%        N/A       56%         4
 Sticky Flame             Conj/Fire      12%        2d4       56%         4
 Agony                    Necr           12%        N/A       89%         5
 Blade Hands              Tmut           6%         N/A       89%         5
 Metabolic Englaciation   Hex/Ice        6%         N/A       89%         5
 Silence                  Hex/Air        6%         N/A       89%         5
 Death Channel            Necr           6%         N/A       100%        6
 Iron Shot                Conj/Erth      6%         9d2       100%        6
 Simulacrum               Ice/Necr       6%         N/A       100%        6
 Statue Form              Tmut/Erth      8%         N/A       100%        6


Dungeon Overview and Level Annotations

Branches:
Dungeon (9/15)             Temple (0/1) D:5            Lair (3/6) D:8
  Swamp: Lair:2-4    Shoals: Lair:2-4     Snake: Lair:2-4    Spider: Lair:2-4
    Orc: D:9-12

Altars:
Kikubaaqudgha
Beogh

Shops:
D:2 (   D:5 *   D:7 [

Annotations:
D:9 3 runed translucent doors, fritzmikael's ghost, novice GnCj
Abyss:1 Erolcha


Innate Abilities, Weirdness & Mutations

You have very sharp teeth.
Your uncanny sense of smell can sniff out nearby items.
Your experience applies equally to all skills.


Message History

The lindwurm barely misses you.
You slash the lindwurm! You burn the lindwurm. Your bite misses the lindwurm.
The lindwurm is severely wounded.
You completely miss the lindwurm. You block the lindwurm's attack. x2
The lindwurm claws you but does no damage.
The lindwurm breathes flames at you. The blast of flame hits you!
Unknown command.
You hit the lindwurm. You burn the lindwurm.
The lindwurm is severely wounded.
You hit the lindwurm but do no damage. The lindwurm closely misses you.
The lindwurm claws you but does no damage. x2
The lindwurm barely misses you.
The lindwurm claws you but does no damage. x2
Unknown command.
Your +3 hand axe of flaming stops flaming.
Your +1 hand axe of freezing glows with a cold blue light!
n - a +1 hand axe of freezing (weapon)
You barely miss the lindwurm. Your bite misses the lindwurm.
The lindwurm is severely wounded.
You hit the lindwurm. You freeze the lindwurm.
The lindwurm breathes flames at you. The blast of flame hits you!!
* * * LOW HITPOINT WARNING * * *
You block the lindwurm's attack. The lindwurm barely misses you.
The lindwurm claws you but does no damage.
Unknown command.
You feel better. The lindwurm bites you!
* * * LOW HITPOINT WARNING * * *
You block the lindwurm's attack. The lindwurm claws you!
* * * LOW HITPOINT WARNING * * *
You block the lindwurm's attack. The lindwurm barely misses you.
The lindwurm claws you but does no damage.
You feel better.
The lindwurm bites you but does no damage.
You block the lindwurm's attack.
The lindwurm claws you but does no damage.
The lindwurm breathes flames at you. The blast of flame hits you!!
You die...

....P.... #... # ......
#... #P ###.#.#########
##.. #..
#≈##≈≈≈≈≈##.#.###...
#..##..................
#.§...§..............
...##.§≈##≈≈§≈#........
#.§§#######........
#.@≈§≈§§###........
.....≈.kk..?§##.........
..####...../!§##P####.##
≈≈≈≈≈#≈§##### #.##
########## ###


You could see 2 lindwurms.

Vanquished Creatures
  2 hydras
  2 two-headed ogres
  A black mamba (Lair:1)
  5 cane toads
  Maggie (D:6)
  A rime drake (Lair:2)
  A komodo dragon (Lair:1)
  Grinder (D:3)
  A polar bear (Lair:2)
  4 trolls
  Prince Ribbit (D:5)
  7 blink frogs
  9 yaks
  A basilisk (Lair:3)
  Edmund (D:6)
  6 water moccasins
  4 orc warriors
  A black bear (D:7)
  A sky beast (D:7)
  2 ogres
  An ice beast (D:7)
  2 necrophages
  2 centaurs
  8 wolves
  3 phantoms
  A gnoll sergeant (D:7)
  2 scorpions
  8 bullfrogs
  A water moccasin skeleton (D:5)
  3 wights (D:7)
  6 killer bees (D:8)
  7 hounds
  3 centaur zombies
  2 jellies
  A centaur skeleton (D:7)
  4 orc priests (D:9)
  A bullfrog skeleton (D:7)
  4 iguanas
  Ijyb (D:3)
  Natasha (D:3)
  10 orc wizards
  A killer bee zombie (D:8)
  2 hound skeletons (D:4)
  3 gnolls (D:7)
  7 adders
  2 ufetubi (D:5)
  A worm (D:3)
  2 dart slugs (D:1)
  29 orcs
  7 ball pythons
  9 endoplasms
  2 giant cockroaches
  5 goblins
  6 hobgoblins
  6 jackals
  2 quokkas
  14 bats
  3 frilled lizards
  9 kobolds
  6 rats
239 creatures vanquished.

Vanquished Creatures (others)
  15 fungi
  17 plants
32 creatures vanquished.

Grand Total: 271 creatures vanquished

Notes
Turn   | Place    | Note
-------+----------+-------------------------------------------
     0 | Abyss:1  | Gargoyl the Gnoll Abyssal Knight began the quest for the
                  | Orb.
     0 | Abyss:1  | Reached XP level 1. HP: 23/23 MP: 3/3
   112 | Abyss:1  | Noticed a large abomination
   114 | D:1      | Escaped the Abyss
   215 | D:1      | Reached * piety under Lugonu
   356 | D:1      | Reached XP level 2. HP: 25/29 MP: 5/5
   474 | D:1      | Found a faded altar of an unknown god.
   949 | D:1      | Reached XP level 3. HP: 33/35 MP: 6/6
  1228 | D:2      | Reached ** piety under Lugonu
  1316 | D:2      | Reached skill level 1 in Short Blades
  1316 | D:2      | Reached skill level 1 in Long Blades
  1316 | D:2      | Reached skill level 1 in Maces & Flails
  1316 | D:2      | Reached skill level 1 in Polearms
  1316 | D:2      | Reached skill level 1 in Staves
  1316 | D:2      | Reached skill level 1 in Slings
  1316 | D:2      | Reached skill level 1 in Bows
  1316 | D:2      | Reached skill level 1 in Crossbows
  1316 | D:2      | Reached skill level 1 in Throwing
  1316 | D:2      | Reached skill level 1 in Stealth
  1316 | D:2      | Reached skill level 1 in Shields
  1316 | D:2      | Reached skill level 1 in Unarmed Combat
  1316 | D:2      | Reached skill level 1 in Spellcasting
  1316 | D:2      | Reached skill level 1 in Evocations
  1594 | D:2      | Reached XP level 4. HP: 41/41 MP: 7/7
  2004 | D:2      | Found Ycsowk's Weapon Shoppe.
  2286 | D:3      | Noticed a scorpion
  2298 | D:3      | Killed a scorpion
  2299 | D:3      | Reached skill level 1 in Conjurations
  2299 | D:3      | Reached skill level 1 in Hexes
  2299 | D:3      | Reached skill level 1 in Summonings
  2299 | D:3      | Reached skill level 1 in Necromancy
  2299 | D:3      | Reached skill level 1 in Translocations
  2299 | D:3      | Reached skill level 1 in Transmutations
  2299 | D:3      | Reached skill level 1 in Fire Magic
  2299 | D:3      | Reached skill level 1 in Ice Magic
  2299 | D:3      | Reached skill level 1 in Air Magic
  2299 | D:3      | Reached skill level 1 in Earth Magic
  2299 | D:3      | Reached skill level 1 in Poison Magic
  2299 | D:3      | Reached XP level 5. HP: 27/47 MP: 8/8
  3049 | D:3      | Noticed Natasha
  3059 | D:3      | Killed Natasha
  3387 | D:3      | Noticed Grinder
  3389 | D:3      | Paralysed by Grinder for 7 turns
  3424 | D:3      | Paralysed by Grinder for 4 turns
  3433 | D:3      | Killed Grinder
  3434 | D:3      | Reached skill level 5 in Axes
  3434 | D:3      | Reached skill level 5 in Armour
  3434 | D:3      | Reached skill level 5 in Invocations
  3434 | D:3      | Reached XP level 6. HP: 20/53 MP: 9/9
  3872 | D:3      | Noticed Ijyb
  3882 | D:3      | Killed Ijyb
  3883 | D:3      | Reached XP level 7. HP: 31/59 MP: 10/10
  4235 | D:4      | Reached *** piety under Lugonu
  5246 | D:4      | Reached XP level 8. HP: 65/67 MP: 12/12
  5528 | D:4      | Identified the +4 short sword of Eternal Harmony {protect,
                  | rN+ Will- Int+6}
  5626 | D:5      | Entered Level 5 of the Dungeon
  5827 | D:5      | Found a staircase to the Ecumenical Temple.
  6176 | D:5      | Found Raast's CLEARANCE SALE!.
  6433 | D:6      | Noticed Maggie
  6502 | D:6      | Killed Maggie
  6849 | D:6      | Noticed Prince Ribbit
  6980 | D:7      | Reached XP level 9. HP: 55/72 MP: 14/14
  7190 | D:5      | Killed Prince Ribbit
  7675 | D:6      | Noticed Edmund
  7702 | D:6      | Killed Edmund
  7702 | D:6      | Reached **** piety under Lugonu
  7703 | D:6      | Reached skill level 5 in Dodging
  7949 | D:6      | Found an ancient bone altar of Kikubaaqudgha.
  8888 | D:7      | Found Ponaubb's Armour Emporium.
  8891 | D:7      | Bought a +1 helmet for 126 gold pieces
  8891 | D:7      | Bought a +0 cloak for 49 gold pieces
  9244 | D:7      | Reached XP level 10. HP: 79/80 MP: 17/17
  9851 | D:7      | Reached skill level 5 in Short Blades
  9851 | D:7      | Reached skill level 5 in Long Blades
  9851 | D:7      | Reached skill level 5 in Maces & Flails
  9851 | D:7      | Reached skill level 5 in Polearms
  9851 | D:7      | Reached skill level 5 in Staves
  9851 | D:7      | Reached skill level 5 in Slings
  9851 | D:7      | Reached skill level 5 in Bows
  9851 | D:7      | Reached skill level 5 in Crossbows
  9851 | D:7      | Reached skill level 5 in Throwing
  9851 | D:7      | Reached skill level 5 in Stealth
  9851 | D:7      | Reached skill level 5 in Shields
  9851 | D:7      | Reached skill level 5 in Unarmed Combat
  9851 | D:7      | Reached skill level 5 in Spellcasting
  9851 | D:7      | Reached skill level 5 in Evocations
 10072 | D:8      | Found a staircase to the Lair.
 10927 | D:8      | Noticed a two-headed ogre
 10945 | D:8      | Killed a two-headed ogre
 11552 | D:9      | Identified the +1 chain mail of Pathos {rPois}
 11556 | D:9      | Noticed fritzmikael's ghost (novice GnCj)
 11557 | D:9      | Found a runed translucent gate.
 11558 | D:9      | Found a runed translucent gate.
 11562 | D:9      | Found a runed translucent gate.
 11563 | D:9      | Identified the +6 scale mail "Utucrum" {rElec rN+ Int-3}
 12234 | D:9      | Reached XP level 11. HP: 75/87 MP: 19/19
 12440 | D:9      | Noticed Erolcha
 12470 | D:9      | Banished Erolcha
 12830 | D:9      | Reached skill level 5 in Conjurations
 12830 | D:9      | Reached skill level 5 in Hexes
 12830 | D:9      | Reached skill level 5 in Summonings
 12830 | D:9      | Reached skill level 5 in Necromancy
 12830 | D:9      | Reached skill level 5 in Translocations
 12830 | D:9      | Reached skill level 5 in Transmutations
 12830 | D:9      | Reached skill level 5 in Fire Magic
 12830 | D:9      | Reached skill level 5 in Ice Magic
 12830 | D:9      | Reached skill level 5 in Air Magic
 12830 | D:9      | Reached skill level 5 in Earth Magic
 12830 | D:9      | Reached skill level 5 in Poison Magic
 12917 | D:9      | Identified a scroll of acquirement
 12917 | D:9      | Acquired the +1 pair of gloves "Ogufiuc" {Dex+2}
 13056 | D:9      | Noticed a two-headed ogre
 13071 | D:9      | Killed a two-headed ogre
 13255 | Lair:1   | Entered Level 1 of the Lair of Beasts
 13577 | Lair:1   | Noticed a seven-headed hydra
 13592 | Lair:1   | Killed a one-headed hydra
 15280 | Lair:2   | Noticed a five-headed hydra
 15287 | Lair:2   | Killed a one-headed hydra
 15341 | Lair:2   | Reached XP level 12. HP: 96/96 MP: 22/22
 16655 | Lair:3   | Killed from afar by a lindwurm

Illustrated notes

Levels and vault maps discovered:
D:1:      scummos_arrival_checkerplants, layout_basic,
          shapermc_ecumenical_altar_mp_urbaneastern, serial_aquarium,
          aquarium_bridge_square [aquarium_subvault_window,
          aquarium_subvault_window, aquarium_subvault_wall,
          aquarium_subvault_bridge], aquarium_window_fake,
          aquarium_window_double, aquarium_window_1, aquarium_view_2c,
          aquarium_view_2c, aquarium_balcony_3b, aquarium_pool_2,
          minmay_liquid_box, minmay_misc_feat_rows
D:2:      layout_basic, serial_shops, nicolae_square_shop, chequers_avenue,
          minmay_misc_feat_roman, minmay_tetromino_o4
D:3:      wad_river_or_something, layout_basic, uniq_natasha, uniq_ijyb,
          uniq_grinder
D:4:      cheibrodos_quashed, layout_loops_ring, minmay_between
D:5:      layout_basic, minmay_temple_entry_junction, grunt_decor_one_mirror,
          nicolae_shop_clearance
D:6:      layout_layer_cave, marbit_many_paths, uniq_maggie, uniq_edmund,
          uniq_prince_ribbit1
D:7:      layout_basic, serial_shops, nicolae_shop_behind_doors,
          minmay_fractal_squares_diagonal_5
D:8:      layout_loops_ring, erik_lair_island
D:9:      layout_loops_ring, biasface_ghost_orc_armoury,
          minmay_increasing_density, uniq_erolcha
Lair:1:   layout_roguey, infiniplex_staircase_pool_2, grunt_megastairs_3
Lair:2:   layout_chaotic_city
Lair:3:   layout_chaotic_city, nicolae_lair_lindhole

Skill      XL: |  1  2  3  4  5  6  7  8  9 10 11 12 |
---------------+-------------------------------------+-----
Short Blades   | 1 2 3 4 5 6 7 |  7.1
Long Blades    | 1 2 3 4 5 6 7 |  7.1
Maces & Flails | 1 2 3 4 5 6 7 |  7.1
Polearms       | 1 2 3 4 5 6 7 |  7.1
Staves         | 1 2 3 4 5 6 7 |  7.1
Slings         | 1 2 3 4 5 6 7 |  7.1
Bows           | 1 2 3 4 5 6 7 |  7.1
Crossbows      | 1 2 3 4 5 6 7 |  7.1
Throwing       | 1 2 3 4 5 6 7 |  7.1
Stealth        | 1 2 3 4 5 6 7 |  7.1
Shields        | 1 2 3 4 5 6 7 |  7.1
Unarmed Combat | 1 2 3 4 5 6 7 |  7.1
Spellcasting   | 1 2 3 4 5 6 7 |  7.1
Evocations     | 1 2 3 4 5 6 7 |  7.1
Conjurations   | 1 2 3 4 5 |  5.9
Hexes          | 1 2 3 4 5 |  5.9
Summonings     | 1 2 3 4 5 |  5.9
Necromancy     | 1 2 3 4 5 |  5.9
Translocations | 1 2 3 4 5 |  5.9
Transmutations | 1 2 3 4 5 |  5.9
Fire Magic     | 1 2 3 4 5 |  5.9
Ice Magic      | 1 2 3 4 5 |  5.9
Air Magic      | 1 2 3 4 5 |  5.9
Earth Magic    | 1 2 3 4 5 |  5.9
Poison Magic   | 1 2 3 4 5 |  5.9
Dodging        | 3 4 5 6 7 |  7.6
Axes           | 5 6 7 8 |  8.5
Armour         | 5 6 7 8 |  8.5
Invocations    | 5 6 7 8 9 |  9.1
Fighting       | 7 8 9 |  9.7

Action                   |  1- 3 |  4- 6 |  7- 9 | 10-12 || total
-------------------------+-------+-------+-------+-------++-------
Melee: Hand axe          |   119 |    88 |   351 |   539 ||  1097
       Bite              |    10 |     6 |    44 |    87 ||   147
Throw: Dart              |       |    11 |    22 |    22 ||    55
Invok: Depart the Abyss  |     1 |       |       |       ||     1
       Bend Space        |       |       |     1 |     2 ||     3
       Banish            |       |       |       |     8 ||     8
Evoke: Wand              |       |       |     3 |       ||     3
  Use: Scroll            |     4 |     7 |     7 |     5 ||    23
       Potion            |       |     3 |     2 |     4 ||     9
Armor: Leather armour    |    10 |       |       |       ||    10
       Ring mail         |    38 |    33 |    20 |       ||    91
       Chain mail        |       |       |   124 |       ||   124
       Skin              |       |       |    10 |       ||    10
       Plate armour      |       |       |    52 |    77 ||   129
       Scale mail        |       |       |       |   178 ||   178
Dodge: Dodged            |    95 |    37 |   142 |   380 ||   654
Block: Buckler           |    12 |    21 |    83 |   285 ||   401

Table legend: (Time is in decaauts)
 A = Elapsed time spent in this place.
 B = Non-inter-level travel time spent in this place.
 C = Inter-level travel time spent in this place.
 D = Time resting spent in this place.
 E = Time spent auto-exploring this place.
 F = Levels seen in this place.
 G = Mean time per level.
                   A        B        C        D        E       F      G
               +--------+--------+--------+--------+--------+-----+--------+
         Total |  16693 |  16307 |    386 |   2820 |  10508 |  13 | 1284.1 |
       Dungeon |  13188 |  12866 |    322 |   1991 |   8453 |   9 | 1465.3 |
          Lair |   3390 |   3327 |     63 |    829 |   1943 |   3 | 1130.0 |
         Abyss |    114 |    114 |      0 |      0 |    112 |   1 |  114.0 |
               +--------+--------+--------+--------+--------+-----+--------+

Top non-repeatable levels by time:
     D:3: 2275 daAuts
     D:7: 2171 daAuts
  Lair:1: 2138 daAuts
     D:9: 2014 daAuts
     D:5: 1304 daAuts
     D:2: 1227 daAuts
     D:6: 1227 daAuts
  Lair:2: 1184 daAuts
     D:4: 1119 daAuts
     D:8: 925 daAuts
     D:1: 922 daAuts
 Abyss:1: 114 daAuts
  Lair:3: 68 daAuts
